PL
VANCOUVER GREY WOLVES @ LAS VEGAS FLAMINGOS
09/06/2033
 
TOP OF THE 1ST
Vancouver Grey Wolves batting - Pitching for Las Vegas Flamingos : RHP Toddster Gordo
Pitching: RHP Toddster Gordo
Batting: LHB Michael Malloy 0-0: Ball
1-0: Foul Ball, location: 2F
1-1: Swinging Strike
1-2: SINGLE (Line Drive, 9LS)
Batting: RHB Urs van Munster 0-0: Ball
1-0: Called Strike
1-1: Called Strike
1-2: Strikes out looking
Batting: RHB Dhyana Snigdha 0-0: Ball
Wild Pitch!
Michael Malloy to second
1-0: Ground out 5-3 (Groundball, 5S)
Michael Malloy to third
Batting: LHB Preston Witt 0-0: Called Strike
0-1: Ball
1-1: Ball
2-1: Ball
3-1: DOUBLE (Groundball, 5L)
Michael Malloy scores
Batting: RHB Hugh Mungus 0-0: Foul Ball, location: 2F
0-1: Called Strike
0-2: Foul Ball, location: 2F
0-2: Strikes out looking
Top of the 1st over - 1 run, 2 hits, 0 errors, 1 left on base; Vancouver 1 - Las Vegas 0
BOTTOM OF THE 1ST
Las Vegas Flamingos batting - Pitching for Vancouver Grey Wolves : RHP John Dempsey
Pitching: RHP John Dempsey
Batting: RHB Ellis Greenham 0-0: Ball
1-0: Swinging Strike
1-1: Foul Ball, location: 2F
1-2: Foul Ball, location: 2F
1-2: Ball
2-2: Strikes out swinging
Batting: LHB Ruud van Ineveld 0-0: Ball
1-0: DOUBLE (Line Drive, 9D)
Batting: RHB Baldomero Avino 0-0: Ground out 5-3 (Groundball, 56)
Batting: LHB Victor Adams 0-0: Ball
1-0: SINGLE (Flyball, 78M)
Ruud van Ineveld to third
Runner from 3rd tries for Home, SAFE, no throw
Batting: RHB Sake van Arem 0-0: Ball
1-0: Called Strike
1-1: Ball
2-1: Foul Ball, location: 2F
2-2: Strikes out swinging
Bottom of the 1st over - 1 run, 2 hits, 0 errors, 1 left on base; Vancouver 1 - Las Vegas 1
TOP OF THE 2ND
Vancouver Grey Wolves batting - Pitching for Las Vegas Flamingos : RHP Toddster Gordo
Batting: RHB Arlen Joysey 0-0: Ball
1-0: Swinging Strike
1-1: Fly out, F9 (Flyball, 89D)
Batting: RHB José Jarca 0-0: Swinging Strike
0-1: Called Strike
0-2: Ball
1-2: Ground out 6-3 (Groundball, 6)
Batting: LHB Michael Ward 0-0: Called Strike
0-1: Swinging Strike
0-2: Strikes out looking
Top of the 2nd over - 0 runs, 0 hits, 0 errors, 0 left on base; Vancouver 1 - Las Vegas 1
BOTTOM OF THE 2ND
Las Vegas Flamingos batting - Pitching for Vancouver Grey Wolves : RHP John Dempsey
Batting: RHB Xavier Hernández 0-0: Swinging Strike
0-1: Ball
1-1: Called Strike
1-2: Strikes out swinging
Batting: RHB Christian Turner 0-0: Ground out 6-3 (Groundball, 6)
Batting: SHB Glyn Bolasky 0-0: Swinging Strike
0-1: Ball
1-1: Ball
2-1: Foul Ball, location: 2F
2-2: Foul Ball, location: 2F
2-2: Foul Ball, location: 2F
2-2: Ball
3-2: SINGLE (Flyball, 78S)
Batting: RHB Jeff Young 0-0: Ball
1-0: Ball
2-0: SINGLE (Groundball, 56D)
Glyn Bolasky to second
Batting: RHB Ellis Greenham 0-0: Called Strike
0-1: Foul Ball, location: 2F
0-2: Ball
1-2: Fielders Choice at 2nd, U4 (Groundball, 4M)
Bottom of the 2nd over - 0 runs, 2 hits, 0 errors, 2 left on base; Vancouver 1 - Las Vegas 1
TOP OF THE 3RD
Vancouver Grey Wolves batting - Pitching for Las Vegas Flamingos : RHP Toddster Gordo
Batting: RHB Sixto Estrada 0-0: Called Strike
0-1: Ball
1-1: SINGLE (Line Drive, 8RS)
Batting: LHB Michael Malloy 0-0: Ball
1-0: Ball
2-0: Foul Ball, location: 2F
2-1: Fielders Choice at 2nd, 4-6 (Groundball, 4)
Batting: RHB Urs van Munster 0-0: Called Strike
0-1: Ball
Wild Pitch!
Michael Malloy to second
1-1: Called Strike
1-2: Ball
2-2: Foul Ball, location: 2F
2-2: Fly out, F8 (Line Drive, 8LD)
Batting: RHB Dhyana Snigdha 0-0: Foul Ball, location: 2F
0-1: Ball
1-1: Ball
2-1: Fly out, F8 (Line Drive, 8RS)
Top of the 3rd over - 0 runs, 1 hit, 0 errors, 1 left on base; Vancouver 1 - Las Vegas 1
BOTTOM OF THE 3RD
Las Vegas Flamingos batting - Pitching for Vancouver Grey Wolves : RHP John Dempsey
Batting: LHB Ruud van Ineveld 0-0: Called Strike
0-1: Swinging Strike
0-2: Strikes out looking
Batting: RHB Baldomero Avino 0-0: Called Strike
0-1: Fly out, F7 (Flyball, 7S)
Batting: LHB Victor Adams 0-0: Ball
1-0: Ball
2-0: Hit by Pitch
Batting: RHB Sake van Arem 0-0: Ball
1-0: Called Strike
1-1: Swinging Strike
1-2: Ball
2-2: Strikes out swinging
Bottom of the 3rd over - 0 runs, 0 hits, 0 errors, 1 left on base; Vancouver 1 - Las Vegas 1
TOP OF THE 4TH
Vancouver Grey Wolves batting - Pitching for Las Vegas Flamingos : RHP Toddster Gordo
Batting: LHB Preston Witt 0-0: Fly out, F9 (Flyball, 9)
Batting: RHB Hugh Mungus 0-0: Fly out, F8 (Flyball, 8RD)
Batting: RHB Arlen Joysey 0-0: Called Strike
0-1: Ball
1-1: Ball
2-1: Fly out, F8 (Flyball, 8RD)
Top of the 4th over - 0 runs, 0 hits, 0 errors, 0 left on base; Vancouver 1 - Las Vegas 1
BOTTOM OF THE 4TH
Las Vegas Flamingos batting - Pitching for Vancouver Grey Wolves : RHP John Dempsey
Batting: RHB Xavier Hernández 0-0: SINGLE (Line Drive, 56D)
Batting: RHB Christian Turner 0-0: Ball
1-0: Ball
2-0: Grounds into double play, 4-6-3 (Groundball, 4)
Batting: SHB Glyn Bolasky 0-0: Ball
1-0: Called Strike
1-1: Ball
2-1: Foul Ball, location: 2F
2-2: Fly out, F6 (Line Drive, 6)
Bottom of the 4th over - 0 runs, 1 hit, 0 errors, 0 left on base; Vancouver 1 - Las Vegas 1
TOP OF THE 5TH
Vancouver Grey Wolves batting - Pitching for Las Vegas Flamingos : RHP Toddster Gordo
Batting: RHB José Jarca 0-0: Called Strike
0-1: Ball
1-1: Fly out, F7 (Flyball, 7S)
Batting: LHB Michael Ward 0-0: Called Strike
0-1: Ball
1-1: Called Strike
1-2: Foul Ball, location: 2F
1-2: Ball
2-2: Strikes out swinging
Batting: RHB Sixto Estrada 0-0: Ball
1-0: Swinging Strike
1-1: Ball
2-1: Swinging Strike
2-2: Foul Ball, location: 2F
2-2: Strikes out looking
Top of the 5th over - 0 runs, 0 hits, 0 errors, 0 left on base; Vancouver 1 - Las Vegas 1
BOTTOM OF THE 5TH
Las Vegas Flamingos batting - Pitching for Vancouver Grey Wolves : RHP John Dempsey
Batting: RHB Jeff Young 0-0: Called Strike
0-1: Called Strike
0-2: Ground out 5-3 (Groundball, 5S)
Batting: RHB Ellis Greenham 0-0: Ball
1-0: Ball
2-0: Ball
3-0: Called Strike
3-1: Foul Ball, location: 2F
3-2: Foul Ball, location: 2F
3-2: Foul Ball, location: 2F
3-2: Foul Ball, location: 2F
3-2: Foul Ball, location: 2F
3-2: Strikes out swinging
Batting: LHB Ruud van Ineveld 0-0: Ball
1-0: Swinging Strike
1-1: Ball
2-1: Called Strike
2-2: Ball
3-2: Foul Ball, location: 2F
3-2: Foul Ball, location: 2F
3-2: Ground out 1-3 (Groundball, P)
Bottom of the 5th over - 0 runs, 0 hits, 0 errors, 0 left on base; Vancouver 1 - Las Vegas 1
TOP OF THE 6TH
Vancouver Grey Wolves batting - Pitching for Las Vegas Flamingos : RHP Toddster Gordo
Batting: LHB Michael Malloy 0-0: Ball
1-0: Ball
2-0: Ball
3-0: Called Strike
3-1: Swinging Strike
3-2: Fly out, F8 (Flyball, 8RD)
Batting: RHB Urs van Munster 0-0: Ball
1-0: Foul Ball, location: 2F
1-1: Called Strike
1-2: Ball
2-2: Ground out 6-3 (Groundball, 6)
Batting: RHB Dhyana Snigdha 0-0: Fly out, F9 (Flyball, 89S)
Top of the 6th over - 0 runs, 0 hits, 0 errors, 0 left on base; Vancouver 1 - Las Vegas 1
BOTTOM OF THE 6TH
Las Vegas Flamingos batting - Pitching for Vancouver Grey Wolves : RHP John Dempsey
Batting: RHB Baldomero Avino 0-0: Ball
1-0: Ball
2-0: Ball
3-0: Ground out 4-3 (Groundball, 4)
Batting: LHB Victor Adams 0-0: Hit by Pitch
Batting: RHB Sake van Arem 0-0: Fielders Choice at 2nd, 5-4 (Groundball, 5L)
Batting: RHB Xavier Hernández 0-0: Ball
1-0: Swinging Strike
1-1: Called Strike
1-2: Strikes out looking
Bottom of the 6th over - 0 runs, 0 hits, 0 errors, 1 left on base; Vancouver 1 - Las Vegas 1
TOP OF THE 7TH
Vancouver Grey Wolves batting - Pitching for Las Vegas Flamingos : RHP Toddster Gordo
Batting: LHB Preston Witt 0-0: Fly out, F7 (Line Drive, 78S)
Batting: RHB Hugh Mungus 0-0: Ball
1-0: Swinging Strike
1-1: Foul Ball, location: 2F
1-2: Foul Ball, location: 2F
1-2: Foul Ball, location: 2F
1-2: Strikes out swinging
Batting: RHB Arlen Joysey 0-0: Called Strike
0-1: Ball
1-1: Ball
2-1: Ball
3-1: Ground out U3 (Groundball, 34S)
Top of the 7th over - 0 runs, 0 hits, 0 errors, 0 left on base; Vancouver 1 - Las Vegas 1
BOTTOM OF THE 7TH
Las Vegas Flamingos batting - Pitching for Vancouver Grey Wolves : RHP John Dempsey
Batting: RHB Christian Turner 0-0: Ball
1-0: Ball
2-0: Called Strike
2-1: Fly out, F9 (Flyball, 89M)
Batting: SHB Glyn Bolasky 0-0: Swinging Strike
0-1: Ball
1-1: Ball
2-1: Ball
3-1: Foul Ball, location: 2F
3-2: SINGLE (Line Drive, 6MD)
Pitching: RHP Francisco Valdés
Batting: RHB Jeff Young 0-0: Ball
Glyn Bolasky steals 2nd base
1-0: Fly out, F6 (Popup, 6S)
Batting: RHB Ellis Greenham 0-0: Called Strike
0-1: Swinging Strike
0-2: Ball
1-2: Strikes out swinging
Bottom of the 7th over - 0 runs, 1 hit, 0 errors, 1 left on base; Vancouver 1 - Las Vegas 1
TOP OF THE 8TH
Vancouver Grey Wolves batting - Pitching for Las Vegas Flamingos : RHP Toddster Gordo
Batting: RHB José Jarca 0-0: Ball
1-0: Ball
2-0: Ball
3-0: Called Strike
3-1: Fly out, F8 (Line Drive, 78D)
Batting: LHB Michael Ward 0-0: Ball
1-0: Called Strike
1-1: Foul Ball, location: 2F
1-2: Strikes out swinging
Batting: RHB Sixto Estrada 0-0: Called Strike
0-1: SINGLE (Line Drive, 6D)
Pitching: RHP Seishiro Sai
Batting: LHB Michael Malloy 0-0: Foul Ball, location: 2F
0-1: Ball
Sixto Estrada steals 2nd base
1-1: Ground out 4-3 (Groundball, 4)
Top of the 8th over - 0 runs, 1 hit, 0 errors, 1 left on base; Vancouver 1 - Las Vegas 1
BOTTOM OF THE 8TH
Las Vegas Flamingos batting - Pitching for Vancouver Grey Wolves : RHP Francisco Valdés
Pitching: LHP Ramón Costello
Batting: LHB Ruud van Ineveld 0-0: Fly out, F8 (Line Drive, 89S)
Batting: RHB Baldomero Avino 0-0: Foul Ball, location: 2F
0-1: Called Strike
0-2: Hit by Pitch
Pinch Runner at 1st Daniel Maldonado:
Batting: LHB Victor Adams 0-0: Ball
1-0: Called Strike
1-1: Ball
2-1: Grounds into double play, 4-6-3 (Groundball, 4)
Bottom of the 8th over - 0 runs, 0 hits, 0 errors, 0 left on base; Vancouver 1 - Las Vegas 1
TOP OF THE 9TH
Vancouver Grey Wolves batting - Pitching for Las Vegas Flamingos : RHP Seishiro Sai
Pitching: RHP Vaugh Chesser
Now in RF: Daniel Maldonado
Batting: RHB Urs van Munster 0-0: Ball
1-0: Ball
2-0: Ball
3-0: Called Strike
3-1: Ground out 3-1 (Groundball, 34)
Batting: RHB Dhyana Snigdha 0-0: SINGLE (Groundball, 6MD)
Batting: LHB Preston Witt 0-0: Called Strike
0-1: Ball
1-1: Foul Ball, location: 2F
1-2: Grounds into double play, 4-6-3 (Groundball, 4)
Top of the 9th over - 0 runs, 1 hit, 0 errors, 0 left on base; Vancouver 1 - Las Vegas 1
BOTTOM OF THE 9TH
Las Vegas Flamingos batting - Pitching for Vancouver Grey Wolves : LHP Ramón Costello
Batting: RHB Sake van Arem 0-0: DOUBLE (Flyball, 89D)
Batting: RHB Xavier Hernández 0-0: Intentional Walk
Batting: RHB Christian Turner 0-0: Ball
1-0: Foul Ball, location: 2F
1-1: Bunted foul
1-2: Fly out, F5 (Line Drive, 56)
Batting: SHB Glyn Bolasky 0-0: SINGLE (Flyball, 7LS)
Sake van Arem to third
Xavier Hernández to second
Runner from 3rd tries for Home, SAFE, throw made home
Saturday, December 22nd, 2018 - OOTP Baseball 18.8 Build 76